 Dungeon Crawl Stone Soup version 0.24.1-8-ga250c9d538 (webtiles) character file.

Game seed: 9550919256717831377, levelgen mode: deterministic

60 Gwenloh the Poker (level 4, -2/35 HPs)
             Began as a Merfolk Abyssal Knight on May 9, 2020.
             Was a Believer of Lugonu.
             Killed from afar by a hobgoblin (10 damage)
             ... with a puff of flame
             ... on level 3 of the Dungeon.
             The game lasted 00:07:31 (2248 turns).

Gwenloh the Poker (Merfolk Abyssal Knight)          Turns: 2248, Time: 00:07:32

Health: -2/35      AC:  4    Str: 12    XL:     4   Next: 6%
Magic:  5/5        EV: 12    Int: 11    God:    Lugonu [**....]
Gold:   145        SH:  6    Dex: 14    Spells: 3/3 levels left

rFire    . . .     SeeInvis .   a - +1 spear
rCold    . . .     Gourm    .   l - +2 buckler
rNeg     . . .     Faith    .   b - +0 leather armour
rPois    .         Spirit   .   (no helmet)
rElec    .         Reflect  .   g - +0 cloak
rCorr    .         Harm     .   (no gloves)
MR       .....                  (no boots)
Stlth    +.........             (no amulet)
HPRegen  0.11/turn              (no ring)
MPRegen  0.09/turn              (no ring)

@: no status effects
A: change form in water, swift swim, stealthy swim
a: Depart the Abyss, Bend Space, Renounce Religion


You were on level 3 of the Dungeon.
You worshipped Lugonu.
Lugonu was pleased with you.
You were not hungry.

You visited 1 branch of the dungeon, and saw 3 of its levels.
You visited the Abyss 1 time.

You collected 145 gold pieces.

Inventory:

Hand Weapons
 a - a +1 spear (weapon)
Missiles
 d - 6 poisoned darts (quivered)
 e - 90 stones
Armour
 b - a +0 leather armour (worn)
 g - a +0 cloak (worn)
 l - a +2 buckler (worn)
Scrolls
 f - a scroll of blinking {unknown}
 h - 5 scrolls of identify {unknown}
 j - a scroll of noise {unknown}
 m - a scroll of remove curse {unknown}
 n - 2 scrolls of immolation {unknown}
Potions
 i - a potion of resistance {unknown}
 k - a potion of mutation {unknown}
 o - a potion of lignification {unknown}
 q - a potion of invisibility {unknown}
 r - a potion of magic {unknown}
Comestibles
 c - 2 rations
 p - 9 chunks of flesh


   Skills:
 + Level 3.5 Fighting
 * Level 4.3 Polearms
 + Level 0.8 Throwing
 - Level 0.6 Armour
 + Level 3.3 Dodging
 + Level 0.9 Shields
 + Level 2.5 Invocations


You had 3 spell levels left.
You didn't know any spells.
Your spell library was empty.

Dungeon Overview and Level Annotations

Branches:
Dungeon (3/15)

Altars:
Qazlal


Message History

You kill the jackal!
Lugonu accepts your kill.
The hobgoblin zaps a wand.
The puff of flame hits you!
You are too injured to fight recklessly!
The hobgoblin zaps a wand.
The puff of flame hits you!
* * * LOW HITPOINT WARNING * * *
The hobgoblin closely misses you.
You barely miss the hobgoblin.
The hobgoblin hits you but does no damage.
Your leather armour prevents you from hitting the hobgoblin.
The hobgoblin barely misses you.
You hit the hobgoblin but do no damage.
The hobgoblin zaps a wand.
The puff of flame hits you.
* * * LOW HITPOINT WARNING * * *
You hit the hobgoblin but do no damage.
The hobgoblin hits you but does no damage.
You barely miss the hobgoblin. You block the hobgoblin's attack.
You hit the hobgoblin but do no damage.
The hobgoblin zaps a wand.
The puff of flame hits you!
You die...

##########
#........#
##........#
.......(.#
#........#
#.........
###(@g......
####........... ..
#.....†..((.(.. #.#
##....#.........
#.#
####..#.#...####...
##.###.........###
.. .#....(......###
. ........#.#..#
....###......#


You could see a hobgoblin.

Vanquished Creatures
  An adder (D:2)
  2 dart slugs (D:1)
  2 leopard geckos
  6 bats
  3 giant cockroaches
  5 goblins
  8 hobgoblins
  3 jackals
  A ball python (D:1)
  A frilled lizard (D:1)
  5 kobolds
  6 rats
43 creatures vanquished.

Notes
Turn   | Place    | Note
-------+----------+-------------------------------------------
     0 | Abyss:1  | Gwenloh the Merfolk Abyssal Knight began the quest for the
                  | Orb.
     0 | Abyss:1  | Reached XP level 1. HP: 18/18 MP: 2/2
    11 | D:1      | Escaped the Abyss
   226 | D:1      | Reached XP level 2. HP: 24/24 MP: 3/3
   929 | D:1      | Reached XP level 3. HP: 29/29 MP: 4/4
  1166 | D:2      | Found a stormy altar of Qazlal.
  1177 | D:2      | Reached ** piety under Lugonu
  1298 | D:2      | Reached skill level 4 in Polearms
  2144 | D:3      | Reached XP level 4. HP: 35/35 MP: 5/5
  2248 | D:3      | Killed from afar by a hobgoblin

Levels and vault maps discovered:
D:1:      dpeg_arrival_long_road, layout_basic, st_stairs_12,
          kennysheep_doodads, ebering_dispersal_statue_hall
D:2:      layout_loops_corners, corexii_leaking_fountain, grunt_qazlal_clouds
D:3:      layout_rooms

Skill      XL: |  1  2  3 |
---------------+----------+-----
Dodging        | 3 |  3.3
Polearms       | 4 |  4.3
Fighting       | |  3.5
Throwing       | |  0.8
Armour         | |  0.6
Shields        | |  0.9
Invocations    | |  2.5

Action                   |  1- 3 |  4- 6 || total
-------------------------+-------+-------++-------
Melee: Spear             |    88 |     9 ||    97
Throw: Dart              |    74 |    10 ||    84
 Stab: Sleeping          |     1 |       ||     1
  Eat: Chunk             |     4 |       ||     4
Armor: Leather armour    |     8 |     2 ||    10
Dodge: Dodged            |    24 |     2 ||    26
Block: Buckler           |     8 |     1 ||     9
